 Dungeon Crawl Stone Soup version 0.28-a0-397-g1a7b1a870f (webtiles) character file.

Game seed: 10255263787402490626

149 Astera the Slasher (level 5, 0/39 HPs)
             Began as a Demonspawn Gladiator on Sept 4, 2021.
             Was a Believer of Lugonu.
             Killed from afar by Ijyb (13 damage)
             ... with a puff of flame
             ... on level 4 of the Dungeon.
             The game lasted 00:09:02 (3658 turns).

Astera the Slasher (Demonspawn Gladiator)           Turns: 3658, Time: 00:09:03

Health: 0/39       AC:  7    Str: 15    XL:     5   Next: 9%
Magic:  5/5        EV: 13    Int:  9    God:    Lugonu [**....]
Gold:   52         SH:  0    Dex: 15    Spells: 4/4 levels left

rFire   . . .      SeeInvis .   a - +0 long sword
rCold   . . .      Faith    .   (no shield)
rNeg    . . .      Spirit   .   b - +0 leather armour
rPois   .          Reflect  .   (helmet restricted)
rElec   .          Harm     .   (no cloak)
rCorr   .          Rampage  .   e - +0 pair of gloves
Will    .....                   o - +0 pair of boots
Stlth   +.........              (no amulet)
HPRegen 0.13/turn               (no ring)
MPRegen 0.09/turn               (no ring)

@: no status effects
A: antennae 1, slimy green scales 1, ignite blood 1
a: Renounce Religion, Depart the Abyss, Bend Space


You were on level 4 of the Dungeon.
You worshipped Lugonu.
Lugonu was pleased with you.
You visited 1 branch of the dungeon, and saw 4 of its levels.

You collected 52 gold pieces.

Inventory:

Hand Weapons
 a - a +0 long sword (weapon)
Missiles
 d - 3 throwing nets
 i - 7 boomerangs (quivered)
Armour
 b - a +0 leather armour (worn)
 c - a +0 helmet
 e - a +0 pair of gloves (worn)
 o - a +0 pair of boots (worn)
Wands
 j - a wand of iceblast (11)
Scrolls
 g - 3 scrolls of amnesia {unknown}
 h - a scroll of fog {unknown}
 k - 2 scrolls of identify {unknown}
 m - a scroll of noise {unknown}
Potions
 f - 2 potions of curing
 l - 3 potions of haste {unknown}
 n - a potion of resistance {unknown}


   Skills:
 + Level 2.6 Fighting
 + Level 4.2 Long Blades
 + Level 1.8 Throwing
 + Level 1.0 Armour
 + Level 3.5 Dodging


You had 4 spell levels left.
You didn't know any spells.
Your spell library contained the following spells:

 Spells                   Type           Power      Damage    Failure   Level
 Summon Small Mammal      Summ           0%         N/A       45%         1
 Call Canine Familiar     Summ           0%         N/A       83%         3
 Summon Guardian Golem    Hex/Summ       0%         N/A       83%         3
 Animate Dead             Necr           0%         N/A       99%         4
 Haunt                    Necr/Summ      0%         N/A       100%        7
 Infestation              Necr           0%         N/A       100%        8


Dungeon Overview and Level Annotations

Branches:
Dungeon (4/15)
 Temple: D:4-7

Altars:
Kikubaaqudgha
Lugonu

Annotations:
D:2 Natasha
D:3 2 transporters, Loefaen's ghost, amateur DEIE
D:4 Grinder; Ijyb


Innate Abilities, Weirdness & Mutations

You have a pair of small antennae on your head.
You are partially covered in slimy green scales. (AC +2)
Your demonic aura sometimes causes spilled blood to erupt in flames.


Message History

Found a leather armour.
Ijyb the Twisted Goblin comes into view.
She is wielding a +0 club and carrying a wand of flame (22).
Found 18 stones and 12 gold pieces.
Ijyb shouts!
You see here a +0 leather armour.
Press: ? - help, v - describe, . - travel, g - get item
Here: Ijyb, wielding a +0 club, wearing a +0 scale mail and carrying a wand of flame (22) Item here: 18 stones.
The floor.
You see here a +0 leather armour.
You hit Ijyb but do no damage. Ijyb closely misses you.
You barely miss Ijyb.
Ijyb zaps a wand.
The puff of flame hits you. Ijyb hits you with a +0 club.
You closely miss Ijyb.
Ijyb zaps a wand.
The puff of flame hits you.
You barely miss Ijyb. Ijyb hits you with a +0 club.
You hit Ijyb.
Ijyb is lightly wounded.
Ijyb drinks a potion.
Ijyb seems to grow stronger.
You hit Ijyb.
Ijyb is moderately wounded.
Ijyb zaps a wand.
The puff of flame hits you!
Ijyb zaps a wand.
The puff of flame hits you!
* * * LOW HITPOINT WARNING * * *
You fail to use your ability.
Space bends around you!
You blink.
Ijyb zaps a wand.
The puff of flame hits you.
* * * LOW HITPOINT WARNING * * *
You feel better.
Ijyb zaps a wand.
The puff of flame misses you.
Ijyb zaps a wand.
The puff of flame hits you!
* * * LOW HITPOINT WARNING * * *
You feel better.
Press: ? - help, v - describe, . - travel
Here: Ijyb, wielding a +0 club, wearing a +0 scale mail and carrying a wand of flame (15) (moderately wounded, strong)
The floor.
Unknown command.
Ijyb zaps a wand.
The puff of flame misses you.
Ijyb screams, "Level is mine!
All mine!"
Ijyb zaps a wand.
The puff of flame hits you!
You die...

# ####
#.################..#
#..<...@....g.......#
#$################.._.#
#( ########....# #.
#....g.g.#..# #.
#.######.#### #. #.#
#.# #. #g# #.#
#.#########.# #.#
#.[....g....# #.#


You could see Ijyb (strong).

Vanquished Creatures
  A lemure (D:4)
  Natasha (D:2)
  A hound skeleton (D:3)
  4 adders (D:3)
  3 worms
  6 dart slugs
  4 endoplasms
  A giant cockroach (D:1)
  6 goblins
  6 hobgoblins
  3 jackals (D:1)
  A quokka (D:2)
  7 ball pythons
  3 bats
  6 frilled lizards
  8 kobolds
  7 rats (D:1)
68 creatures vanquished.

Notes
Turn   | Place    | Note
-------+----------+-------------------------------------------
     0 | D:1      | Astera the Demonspawn Gladiator began the quest for the
                  | Orb.
     0 | D:1      | Reached XP level 1. HP: 16/16 MP: 1/1
   165 | D:1      | Reached skill level 3 in Long Blades
   304 | D:1      | Gained mutation: Your demonic aura sometimes causes spilled
                  | blood to erupt in flames. [demonic ancestry]
   304 | D:1      | Reached XP level 2. HP: 22/22 MP: 2/2
   542 | D:1      | Gained mutation: You are partially covered in slimy green
                  | scales. (AC +2) [demonic ancestry]
   542 | D:1      | Reached XP level 3. HP: 13/27 MP: 3/3
  1209 | D:2      | Noticed Natasha
  1221 | D:2      | Killed Natasha
  1238 | D:2      | Noticed Natasha
  1805 | D:2      | Found a faded altar of an unknown god.
  1811 | D:2      | Gained mutation: You have a pair of small antennae on your
                  | head. [demonic ancestry]
  1811 | D:2      | Reached XP level 4. HP: 30/33 MP: 4/4
  1821 | D:2      | Became a worshipper of Lugonu the Unformed
  1821 | D:2      | Reached * piety under Lugonu
  1821 | D:2      | Reached ** piety under Lugonu
  2537 | D:3      | Reached skill level 4 in Long Blades
  2717 | D:3      | Found a transporter.
  2729 | D:3      | Noticed Loefaen's ghost (amateur DEIE)
  2741 | D:3      | Found a transporter.
  2928 | D:3      | Reached skill level 1 in Armour
  2928 | D:3      | Reached XP level 5. HP: 36/39 MP: 5/5
  3347 | D:4      | Noticed a lemure
  3362 | D:4      | Killed a lemure
  3509 | D:4      | Noticed Grinder
  3579 | D:4      | Found an ancient bone altar of Kikubaaqudgha.
  3616 | D:4      | Noticed Ijyb
  3631 | D:4      | HP: 1/39 [Ijyb/puff of flame (3)]
  3658 | D:4      | Killed from afar by Ijyb

Illustrated notes

Levels and vault maps discovered:
D:1:      lightli_arrival_boilingwater, layout_loops_ring,
          minmay_misc_feat_diagonals, minmay_misc_feat_rugged
D:2:      layout_loops_cross, chequers_ecumenical_altar_simple, uniq_natasha
D:3:      layout_basic, gammafunk_ghost_stat_death
D:4:      layout_basic, mainiacjoe_overflow_alcove_1, corner_web_ring,
          uniq_pikel, uniq_grinder, uniq_ijyb

Skill      XL: |  1  2  3  4 |
---------------+-------------+-----
Long Blades    | 3 4 |  4.2
Dodging        | 3 |  3.5
Armour         | 1 |  1.0
Fighting       | |  2.6
Throwing       | |  1.8

Action                   |  1- 3 |  4- 6 || total
-------------------------+-------+-------++-------
Melee: Long sword        |   117 |    83 ||   200
Throw: Throwing net      |     1 |       ||     1
       Boomerang         |       |     2 ||     2
Invok: Bend Space        |       |     1 ||     1
  Use: Potion            |       |     2 ||     2
 Stab: Sleeping          |     1 |       ||     1
Armor: Leather armour    |    35 |    18 ||    53
Dodge: Dodged            |    91 |    53 ||   144

Table legend: (Time is in decaauts)
 A = Elapsed time spent in this place.
 B = Non-inter-level travel time spent in this place.
 C = Inter-level travel time spent in this place.
 D = Time resting spent in this place.
 E = Time spent auto-exploring this place.
 F = Levels seen in this place.
 G = Mean time per level.
                   A        B        C        D        E       F      G
               +--------+--------+--------+--------+--------+-----+--------+
         Total |   3706 |   3522 |    184 |    283 |   2539 |   4 |  926.5 |
       Dungeon |   3706 |   3522 |    184 |    283 |   2539 |   4 |  926.5 |
               +--------+--------+--------+--------+--------+-----+--------+

Top non-repeatable levels by time:
     D:1: 1417 daAuts
     D:3: 1259 daAuts
     D:2: 730 daAuts
     D:4: 298 daAuts
